 Dungeon Crawl Stone Soup version 0.21.1-1-g345015fe64 (webtiles) character file.

247 Brecoman the Insei (level 5, -9/40 HPs)
             Began as a Draconian Transmuter on June 19, 2018.
             Hit by a stone thrown by an orc warrior (14 damage)
             ... on level 4 of the Dungeon.
             The game lasted 00:17:18 (3766 turns).

Brecoman the Insei (Draconian Transmuter)           Turns: 3766, Time: 00:17:19

Health: -9/40      AC:  5    Str: 12    XL:     5   Next: 85%
Magic:  17/17      EV: 17    Int: 13    God:
Gold:   185        SH:  0    Dex: 13    Spells: 5/8 levels left

rFire    . . .     SeeInvis .     - Unarmed
rCold    . . .     Gourm    .   (no shield)
rNeg     . . .     Faith    .   (armour unavailable)
rPois    .         Spirit   .   (helmet restricted)
rElec    .         Reflect  .   (no cloak)
rCorr    .         Harm     +   (no gloves)
MR       .....                  (no boots)
Stlth    +.........             q - amulet of harm
HPRegen  0.13/turn              e - ring of magical power
MPRegen  0.15/turn              p - +4 ring of evasion

@: no status effects
A: unfitting armour, cold-blooded, AC +5
a: no special abilities


You were on level 4 of the Dungeon.
You were not hungry.

You visited 1 branch of the dungeon, and saw 4 of its levels.

You collected 185 gold pieces.

Inventory:

Missiles
 a - 45 arrows
 f - 11 tomahawks (quivered)
 i - 71 stones
Jewellery
 e - a ring of magical power (left hand)
 g - an uncursed ring of magical power
 j - an uncursed amulet of magic regeneration
 n - an uncursed ring of teleportation
 p - a +4 ring of evasion (right hand)
 q - an amulet of harm (around neck)
Scrolls
 h - 3 scrolls of teleportation
 k - a scroll of magic mapping {unknown}
 m - a scroll of blinking {unknown}
 o - a scroll of remove curse
Potions
 d - 7 potions of curing
 l - a potion of heal wounds
 r - a potion of might {unknown}
 s - a potion of haste {unknown}
Books
 b - a book of Changes

   Spells                             Type                      Level
   a - Beastly Appendage              Transmutation                1
   b - Sticks to Snakes               Transmutation                2
   c - Spider Form                    Transmutation/Poison         3
   d - Ice Form                       Ice/Transmutation            4
   e - Blade Hands                    Transmutation                5
Comestibles
 c - 5 rations


   Skills:
 - Level 1.1 Fighting
 + Level 2.7 Dodging
 + Level 4.8 Unarmed Combat
 - Level 2.2 Spellcasting
 + Level 4.1 Transmutations


You had 5 spell levels left.
You knew the following spells:

 Your Spells              Type           Power        Failure   Level  Hunger
a - Beastly Appendage     Tmut           ##....       4%          1    ##.....
b - Sticks to Snakes      Tmut           ##......     7%          2    ###....


Dungeon Overview and Level Annotations

Branches:
Dungeon (4/15)
 Temple: D:4-7

Altars:


Innate Abilities, Weirdness & Mutations

Your plain brown scales are hard. (AC +5)
You cannot fit into any form of body armour.
You are cold-blooded and may be slowed by cold attacks.


Message History

The orc warrior throws a stone.
The stone hits you!
You see here a stone.
The orc warrior throws a stone.
The stone completely misses you.
Your talons disappear.
The orc warrior throws a stone.
The stone misses you.
You see here a stone.
The orc warrior throws a stone.
The stone misses you.
The orc warrior throws a stone.
The stone hits you but does no damage.
You see here a stone.
The orc warrior throws a stone.
The stone hits you!
* * * LOW HITPOINT WARNING * * *
You see here a stone.
The orc warrior throws a stone.
The stone misses you.
The orc warrior throws a stone.
The stone hits you but does no damage.
You see here 2 stones.
You see here a club.
You eat one of the 6 rations.
That ration really hit the spot!
The orc warrior throws a stone.
The stone barely misses you.
The orc warrior throws a stone.
The stone hits you!
You die...

#....(.(...#.....#
#.....#..........#.....#
#.....#....(.....#.....#
#.....#...o(.....#......
#.....#...##((.(........
+.....#...##....o###....
+#.....#...#........####.
.......#...#......#..# #
.......'@..#......##..#
.......#...##.....# ...(
.......######.....# .88
....... #.....# ..
##..... #.....# #.....
#..... #.....


You could see an orc warrior.

Vanquished Creatures
  An orc priest (D:4)
  A jelly (D:3)
  Crazy Yiuf (D:3)
  6 adders
  A gnoll (D:2)
  An adder skeleton (D:4)
  A worm (D:3)
  4 dart slugs
  6 goblins
  8 hobgoblins
  4 jackals (D:1)
  3 quokkas
  2 ball pythons
  6 bats
  4 frilled lizards
  6 kobolds
  9 rats
64 creatures vanquished.

Vanquished Creatures (collateral kills)
  2 gnolls (D:2)
  2 adders
  2 worms
  A dart slug (D:1)
  A bat (D:2)
  A goblin (D:2)
  2 kobolds (D:2)
  A quokka (D:2)
  A frilled lizard (D:2)
13 creatures vanquished.

Grand Total: 77 creatures vanquished

Notes
Turn   | Place    | Note
-------+----------+-------------------------------------------
     0 | D:1      | Brecoman the Draconian Transmuter began the quest for the Orb.
     0 | D:1      | Reached XP level 1. HP: 16/16 MP: 3/3
    37 | D:1      | Reached XP level 2. HP: 4/23 MP: 3/5
   415 | D:1      | Learned a level 2 spell: Sticks to Snakes
   742 | D:1      | Reached XP level 3. HP: 18/28 MP: 6/6
  1391 | D:2      | Reached XP level 4. HP: 34/35 MP: 0/7
  2669 | D:3      | Reached XP level 5. HP: 39/40 MP: 8/8
  2974 | D:3      | Found a runed door.
  2978 | D:3      | Noticed Crazy Yiuf
  2988 | D:3      | Killed Crazy Yiuf
  3744 | D:4      | Noticed an orc warrior
  3766 | D:4      | Hit by a stone thrown by an orc warrior

Skill      XL: |  1  2  3  4  5 |
---------------+----------------+-----
Dodging        | 2 |  2.7
Unarmed Combat | 4 |  4.8
Transmutations | 3 4 |  4.1
Fighting       | |  1.1
Spellcasting   | |  2.2

Action                   |  1- 3 |  4- 6 || total
-------------------------+-------+-------++-------
Melee: Unarmed           |    87 |   116 ||   203
       Kick              |     7 |    15 ||    22
       Tailslap          |    10 |     8 ||    18
       Headbutt          |     3 |     6 ||     9
 Cast: Beastly Appendage |    16 |    22 ||    38
       Sticks to Snakes  |    16 |     7 ||    23
  Use: Scroll            |     3 |     4 ||     7
 Stab: Distracted        |       |     1 ||     1
  Eat: Chunk             |     3 |     7 ||    10
       Ration            |       |     1 ||     1
Armor: Skin              |    47 |    30 ||    77
Dodge: Dodged            |    90 |   121 ||   211
